[Event "Titled Tuesday Blitz May 03 Late 2022"]
[White "Keller, Peter"]
[Black "Skytte, Rasmus"]
[WhiteFideId "1272105"]
[BlackFideId "1404210"]
[WhiteElo "2275"]
[BlackElo "2430"]
[Result "1-0"]
[Round "10"]
[TimeControl "180+1"]
[Date "2022.05.03"]
[WhiteClock "0:00:14"]
[BlackClock "0:00:01"]

1. e4 c6 2. d4 d5 3. exd5 cxd5 4. Bd3 Nc6 5. c3 Nf6 6. Bf4 Bg4 7. Qb3 Qd7 8. Nd2 e6 9. Ngf3 Bd6 10. Bxd6 Qxd6 11. O-O O-O 12. Rae1 Bxf3 13. Nxf3 Rab8 14. Ne5 a6 15. f4 b5 16. h3 b4 17. Qa4 Rfc8 18. Qxa6 bxc3 19. bxc3 Ra8 20. Qb5 Rxa2 21. Ra1 Rxa1 22. Rxa1 Ne7 23. Ra6 Qb8 24. Rb6 Qa8 25. Rb7 Qa1+ 26. Kh2 Qxc3 27. Rxe7 Qxd4 28. Nf3 Qxf4+ 29. Kg1 Rc1+ 30. Bf1 Qe3+ 31. Kh1 Rxf1+ 32. Qxf1 1-0


[Site "https://www.chess.com"]

[Event "Titled Tuesday Blitz May 03 Late 2022"]
[White "Keymer, Vincent"]
[Black "Shimanov, Aleksandr"]
[WhiteFideId "12940690"]
[BlackFideId "4198603"]
[WhiteElo "2557"]
[BlackElo "2636"]
[Result "1-0"]
[Round "10"]
[TimeControl "180+1"]
[Date "2022.05.03"]
[WhiteClock "0:00:08"]
[BlackClock "0:00:04"]

1. Nf3 Nf6 2. c4 g6 3. Nc3 Bg7 4. g3 c5 5. Bg2 d5 6. d4 cxd4 7. Nxd4 dxc4 8. O-O O-O 9. Ndb5 Nc6 10. Bf4 a6 11. Nc7 Qxd1 12. Rfxd1 Rb8 13. Rd2 e5 14. Be3 Nd4 15. N7d5 Nxd5 16. Nxd5 Be6 17. Nb6 f5 18. Rc1 h6 19. Kf1 g5 20. Rdd1 Rfd8 21. Nxc4 b5 22. Na5 Rbc8 23. b3 Rxc1 24. Rxc1 e4 25. Nb7 Rd5 26. f3 exf3 27. exf3 f4 28. gxf4 gxf4 29. Bxf4 Rf5 30. Bg3 Bd5 31. Nd6 Rf6 32. Be5 Rf8 33. Bxg7 Kxg7 34. Rd1 Rf4 35. Kf2 Ba8 36. Ke3 Ne6 37. Ne4 Rf7 38. Bh3 Nf4 39. Bg4 Ng6 40. Rd7 Ne5 41. Rxf7+ Kxf7 42. Bc8 a5 43. f4 Ng6 44. Nd6+ Kf6 45. Nxb5 Bc6 46. Nd4 Be8 47. Bf5 Ne7 48. Be4 Bf7 49. Nc6 a4 50. bxa4 Nc8 51. a5 Bxa2 52. a6 Nb6 53. a7 Bc4 54. Nb8 Be6 55. a8=Q Nxa8 56. Bxa8 Kf5 57. Be4+ Kg4 58. Bg2 Kh4 59. Nc6 Bd7 60. Ne5 Bf5 61. Nf3+ Kg4 62. Nd4 Bd7 63. Ne2 h5 64. Ng1 Kh4 65. Nf3+ Kg4 66. Ne5+ Kh4 67. Nxd7 Kg4 68. Nc5 Kh4 69. Ke4 1-0


[Site "https://www.chess.com"]

[Event "Titled Tuesday Blitz May 03 Late 2022"]
[White "Kim, Sergey"]
[Black "Stanisz, Patryk"]
[WhiteFideId "13700570"]
[BlackFideId "1123106"]
[WhiteElo "2507"]
[BlackElo "1833"]
[Result "1-0"]
[Round "10"]
[TimeControl "180+1"]
[Date "2022.05.03"]
[WhiteClock "0:00:43"]
[BlackClock "0:00:01"]

1. d4 d5 2. c4 c6 3. Nf3 Nf6 4. Qc2 dxc4 5. Qxc4 Bf5 6. e3 Nbd7 7. Bd3 Nb6 8. Qc2 Bxd3 9. Qxd3 e6 10. O-O Be7 11. Nc3 O-O 12. e4 h6 13. Rd1 Qc7 14. Qe2 Rfd8 15. h3 a6 16. Be3 c5 17. Rac1 cxd4 18. Bxd4 Nc8 19. Nd5 Qa5 20. b4 Qa4 21. Rxc8 exd5 22. Rxa8 Rxa8 23. Bxf6 Bxf6 24. exd5 Rd8 25. Qd3 Qxb4 26. g3 Rd6 27. Kg2 b5 28. Nd2 Qc5 29. Ne4 Qc7 30. Nxd6 Qxd6 31. Qe4 g6 32. Qe8+ Kg7 33. Qc6 Be7 34. Qxd6 Bxd6 35. f4 Kf6 36. Kf3 a5 37. Ke4 a4 38. Rc1 b4 39. Rc6 Ke7 40. Ra6 a3 41. Ra7+ Kf6 42. Rb7 h5 43. g4 hxg4 44. hxg4 Bc5 45. g5+ Kg7 46. Rb5 Bd6 47. Rb6 Be7 48. d6 Bd8 49. Rxb4 Ba5 50. Ra4 Bb6 51. Rxa3 Kf8 52. Ra6 Bc5 53. Rc6 Bb4 54. f5 gxf5+ 55. Kxf5 Ke8 56. Rb6 Bc5 57. Ra6 Kd7 58. Ke5 Bb4 59. a4 Bc3+ 60. Kd5 Bd2 61. Ra7+ Kc8 62. Rxf7 Bxg5 63. Kc6 1-0


[Site "https://www.chess.com"]

[Event "Titled Tuesday Blitz May 03 Late 2022"]
[White "Koellner, Ruben Gideon"]
[Black "Mogranzini, Roberto"]
[WhiteFideId "12993093"]
[BlackFideId "810894"]
[WhiteElo "2615"]
[BlackElo "2469"]
[Result "1-0"]
[Round "10"]
[TimeControl "180+1"]
[Date "2022.05.03"]
[WhiteClock "0:00:02"]
[BlackClock "0:00:01"]

1. e4 c5 2. Nc3 Nc6 3. Bb5 Nd4 4. Nf3 g6 5. Bc4 Bg7 6. Nxd4 cxd4 7. Qf3 Nh6 8. d3 O-O 9. Ne2 Ng4 10. Bb3 d6 11. h3 Ne5 12. Qg3 Nc6 13. O-O Na5 14. Bg5 Nxb3 15. axb3 Qc7 16. Rfc1 a5 17. Qh4 f6 18. Bd2 Qb6 19. Ra4 e5 20. Rca1 Be6 21. f3 Qc5 22. Rc1 b5 23. b4 axb4 24. Bxb4 Qc6 25. Rxa8 Rxa8 26. Qe1 Qb6 27. Ra1 Rc8 28. Qd2 Bf8 29. Kh1 Qc6 30. c3 dxc3 31. bxc3 d5 32. Bxf8 Rxf8 33. Ra7 Rf7 34. Rxf7 Bxf7 35. Qb2 dxe4 36. fxe4 Qd7 37. Nc1 Be6 38. Qb4 Bxh3 39. Kg1 Be6 40. Qb2 Kg7 41. Kf2 f5 42. Ke3 f4+ 43. Kd2 Qa7 44. d4 exd4 45. cxd4 Bc4 46. Nd3 Qa5+ 47. Qb4 Qxb4+ 48. Nxb4 g5 49. d5 Kf6 50. Nc6 g4 51. e5+ Kf5 52. d6 Be6 53. Kc3 h6 54. Kd4 h5 55. Ne7+ 1-0


[Site "https://www.chess.com"]

[Event "Titled Tuesday Blitz May 03 Late 2022"]
[White "Kohler, Aran"]
[Black "Hernandez Bermudez, Ulises Eduardo"]
[WhiteFideId "1002856"]
[BlackFideId "3902510"]
[WhiteElo "2330"]
[BlackElo "2056"]
[Result "0-1"]
[Round "10"]
[TimeControl "180+1"]
[Date "2022.05.03"]
[WhiteClock "0:00:07"]
[BlackClock "0:01:08"]

1. c4 Nf6 2. Nc3 g6 3. e4 d6 4. d4 Bg7 5. Nf3 O-O 6. Be2 e5 7. O-O Nc6 8. d5 Ne7 9. Bg5 Nd7 10. Bxe7 Qxe7 11. b4 f5 12. Nd2 f4 13. Bg4 h5 14. Be6+ Kh7 15. Nb3 f3 16. gxf3 Nb6 17. Bxc8 Raxc8 18. c5 Nd7 19. c6 bxc6 20. dxc6 Nb6 21. Nd5 Qh4 22. Kh1 Bh6 23. Rg1 Qxf2 24. Rg2 Qxf3 25. Qxf3 Rxf3 26. Nxb6 axb6 27. Rag1 Be3 28. Re1 Rcf8 29. Rge2 Bg5 30. Kg2 Rc3 31. Rb1 Rxc6 32. a4 Rc4 33. a5 Rxb4 34. a6 Ra8 35. Ra2 b5 36. a7 Ra4 37. Rxa4 bxa4 38. Na5 Rxa7 39. Nc6 Ra6 40. Nb4 Rb6 0-1


[Site "https://www.chess.com"]

[Event "Titled Tuesday Blitz May 03 Late 2022"]
[White "Korchmar, Vasiliy"]
[Black "Leiva, Gianmarco"]
[WhiteFideId "24131750"]
[BlackFideId "3804399"]
[WhiteElo "2370"]
[BlackElo "2323"]
[Result "1-0"]
[Round "10"]
[TimeControl "180+1"]
[Date "2022.05.03"]
[WhiteClock "0:00:42"]
[BlackClock "0:00:09"]

1. e4 c5 2. Nf3 d6 3. d4 cxd4 4. Nxd4 Nf6 5. Nc3 a6 6. f3 e5 7. Nb3 Be6 8. Be3 Be7 9. Qd2 h5 10. O-O-O Nbd7 11. Kb1 Rc8 12. g3 b5 13. Rg1 Nb6 14. Na5 d5 15. Bxb6 Qxb6 16. Nxd5 Nxd5 17. exd5 Rd8 18. c4 Qxg1 19. Nc6 Rd7 20. Nxe7 Kxe7 21. Bd3 Qc5 22. dxe6 fxe6 23. Qg5+ Kd6 24. cxb5 Kc7 25. Rc1 1-0


[Site "https://www.chess.com"]

[Event "Titled Tuesday Blitz May 03 Late 2022"]
[White "Kujawski, Adam"]
[Black "Mikhalsky, Vladimir"]
[WhiteFideId "1100920"]
[BlackFideId "14144352"]
[WhiteElo "2053"]
[BlackElo "2301"]
[Result "0-1"]
[Round "10"]
[TimeControl "180+1"]
[Date "2022.05.03"]
[WhiteClock "0:00:04"]
[BlackClock "0:00:18"]

1. e4 g6 2. d4 Bg7 3. Nc3 d6 4. h3 Nf6 5. Nf3 O-O 6. Be3 Nc6 7. Be2 e5 8. dxe5 dxe5 9. O-O a6 10. Qxd8 Rxd8 11. Rfd1 Re8 12. Bc4 h6 13. Nd5 Nxd5 14. Bxd5 Nb4 15. Rac1 Nxd5 16. exd5 a5 17. c4 a4 18. Bc5 b6 19. Ba3 e4 20. Nd4 e3 21. Nb5 exf2+ 22. Kxf2 Be5 23. d6 cxd6 24. Nc7 Be6 25. Nxa8 Rxa8 26. Bxd6 Bxb2 27. Rc2 a3 28. Bb4 Rc8 29. Be7 Rxc4 30. Rd8+ Kg7 31. Rxc4 Bxc4 32. Ra8 Bd4+ 33. Kg3 Be5+ 34. Kf2 Bxa2 35. Rxa3 Bc4 36. Ra8 b5 37. Bf8+ Kf6 38. Bxh6 Kf5 39. g3 Bd4+ 40. Be3 Be5 41. Ra6 Ke4 42. Bf4 Bd4+ 43. Kg2 b4 44. Ra4 Bc3 0-1


[Site "https://www.chess.com"]

[Event "Titled Tuesday Blitz May 03 Late 2022"]
[White "Lashkin, Jegor"]
[Black "Tanenbaum, Zachary"]
[WhiteFideId "13907808"]
[BlackFideId "2060850"]
[WhiteElo "2368"]
[BlackElo "2168"]
[Result "1-0"]
[Round "10"]
[TimeControl "180+1"]
[Date "2022.05.03"]
[WhiteClock "0:00:56"]
[BlackClock "0:00:02"]

1. Nf3 d5 2. b3 c5 3. Bb2 f6 4. c4 d4 5. e3 e5 6. exd4 cxd4 7. Bd3 Bc5 8. Qc2 g6 9. h4 Nc6 10. a3 a5 11. h5 Qe7 12. hxg6 e4 13. Bxe4 f5 14. g7 fxe4 15. gxh8=Q exf3+ 16. Kd1 Qe2+ 17. Kc1 Be6 18. Qg7 O-O-O 19. d3 fxg2 20. Qxg2 Qe5 21. Nd2 Nf6 22. Ne4 Rg8 23. Qh2 Nxe4 24. Qxe5 Nxe5 25. dxe4 a4 26. b4 d3 27. Qd2 Nxc4 28. Qxd3 Bxf2 29. Bd4 Rd8 30. Qxc4+ Bxc4 31. Bxf2 Rf8 32. Rh2 Re8 33. Kd2 Rxe4 34. Re1 Rf4 35. Be3 Rf7 36. Rh4 Bb5 37. Rf4 Rd7+ 38. Rd4 Rf7 39. Rc1+ Rc7 40. Rc5 Rxc5 41. bxc5 Kc7 42. Rd6 Bc6 43. Rh6 Kb8 44. Rxh7 Ka7 45. Rh6 Ka6 46. Rxc6+ bxc6 47. Kc3 Kb5 48. Kd4 Ka5 49. Kc4 Ka6 50. Kb4 Kb7 51. Kxa4 Ka6 52. Kb4 Kb7 53. Ka5 Ka7 54. Kb4 Ka6 55. Bd2 Kb7 56. Kc4 Ka6 57. a4 Kb7 58. Kd4 Kc7 59. Ke5 Kd7 60. Kf6 Kc7 61. Ke6 Kb7 62. Kd7 Ka6 63. Kxc6 Ka7 64. Kc7 Ka6 65. c6 Ka7 66. Bb4 Ka6 67. Kd6 Kb6 68. c7 Kb7 69. Kd7 Ka7 70. c8=Q 1-0


[Site "https://www.chess.com"]

[Event "Titled Tuesday Blitz May 03 Late 2022"]
[White "Lehtosaari, Mauri"]
[Black "Ansh M Shah"]
[WhiteFideId "501999"]
[BlackFideId "25033379"]
[WhiteElo "2513"]
[BlackElo "1819"]
[Result "1-0"]
[Round "10"]
[TimeControl "180+1"]
[Date "2022.05.03"]
[WhiteClock "0:01:00"]
[BlackClock "0:00:18"]

1. d4 Nf6 2. Nf3 e6 3. Bg5 d5 4. Nbd2 Be7 5. e3 O-O 6. Bd3 b6 7. O-O Bb7 8. Ne5 Nbd7 9. f4 c5 10. c3 Ne4 11. Bxe7 Qxe7 12. Nxd7 Qxd7 13. Nf3 f6 14. dxc5 Nxc5 15. Bc2 Rad8 16. Qe1 Qe7 17. Qh4 Ne4 18. Rad1 Ba6 19. Rfe1 Qc5 20. Nd2 g6 21. Qh3 Bc8 22. Nxe4 dxe4 23. Bb3 Rxd1 24. Rxd1 Kg7 25. Qg3 Rf7 26. Qf2 Rd7 27. Rxd7+ Bxd7 28. Qd2 Bc6 29. Bxe6 f5 30. Qd4+ Qxd4 31. cxd4 Kf6 32. Bc4 Ke7 33. Kf2 Kd6 34. Bg8 Ke7 35. Ke1 h6 36. Kd2 Kf8 37. Bc4 Ke7 38. Kc3 Kd6 39. Bf7 g5 40. g3 a5 41. b4 a4 42. fxg5 hxg5 43. h4 gxh4 44. gxh4 b5 45. d5 Bxd5 46. Bxd5 Kxd5 47. h5 Ke6 48. Kd4 Kf6 49. h6 Kg6 50. Ke5 Kxh6 51. Kxf5 Kg7 52. Kxe4 Kf6 53. Kd5 Kf5 54. a3 Kf6 55. Kc5 Ke5 56. Kxb5 Ke4 57. Kxa4 Kxe3 58. Kb5 Kd4 59. a4 Kd5 60. Kb6 Kd6 61. b5 Kd7 62. Kb7 Kd6 63. b6 Kc5 64. a5 Kb5 65. a6 Ka5 66. a7 Kb5 67. a8=Q 1-0


[Site "https://www.chess.com"]

[Event "Titled Tuesday Blitz May 03 Late 2022"]
[White "Licznerski, Lukasz"]
[Black "Kollars, Dmitrij"]
[WhiteFideId "1179250"]
[BlackFideId "12909572"]
[WhiteElo "2422"]
[BlackElo "2584"]
[Result "1-0"]
[Round "10"]
[TimeControl "180+1"]
[Date "2022.05.03"]
[WhiteClock "0:00:27"]
[BlackClock "0:00:51"]

1. e4 e5 2. Nf3 Nc6 3. Bb5 f5 4. Nc3 fxe4 5. Nxe4 Nf6 6. Qe2 d5 7. Nxf6+ gxf6 8. d4 Bg7 9. dxe5 O-O 10. Bxc6 bxc6 11. e6 Re8 12. O-O Bxe6 13. Nd4 Qd7 14. Nxe6 Qxe6 15. Qa6 c5 16. Qb7 Qd6 17. Qb5 f5 18. g3 Rab8 19. Qd3 Qe6 20. Bf4 Rxb2 21. Rae1 Qxe1 22. Rxe1 Rxe1+ 23. Kg2 c6 24. Qxf5 Re2 25. Qc8+ Kf7 26. Qd7+ Kg8 27. Qxc6 Rbxc2 28. Qxd5+ Kf8 29. Bd6+ Ke8 30. Bxc5 Bc3 31. Qg8+ Kd7 32. Qxh7+ Kc6 33. Bxa7 Be1 34. Qf5 Rxa2 35. Qf3+ Kb5 36. Be3 Bb4 37. h4 Reb2 38. h5 Ra1 39. Bd4 1-0


[Site "https://www.chess.com"]

[Event "Titled Tuesday Blitz May 03 Late 2022"]
[White "Meduri, Aakaash"]
[Black "Romero Ruscalleda, Josep"]
[WhiteFideId "2032252"]
[BlackFideId "2231859"]
[WhiteElo "2096"]
[BlackElo "2278"]
[Result "0-1"]
[Round "10"]
[TimeControl "180+1"]
[Date "2022.05.03"]
[WhiteClock "0:00:01"]
[BlackClock "0:00:41"]

1. e4 g6 2. Bc4 Bg7 3. c3 d6 4. d4 Nf6 5. f3 O-O 6. Be3 d5 7. Bd3 dxe4 8. fxe4 e5 9. d5 c6 10. c4 Nxe4 11. Nf3 cxd5 12. cxd5 Qxd5 13. Qe2 Nc5 14. Bc4 Qc6 15. Nc3 Bg4 16. Bd5 Qc8 17. b4 Nca6 18. Rc1 Nxb4 19. O-O N4c6 20. Bc5 Nd4 21. Qc4 Nxf3+ 22. gxf3 Bh3 23. Rfe1 Qf5 24. Bxf8 Qg5+ 25. Kf2 Qg2+ 26. Ke3 Bxf8 27. Bxf7+ Kg7 28. Ne4 Nc6 29. Rg1 Qxh2 30. Bg8 Qf4+ 31. Kf2 Nd4 32. Rce1 Qxf3# 0-1


[Site "https://www.chess.com"]

[Event "Titled Tuesday Blitz May 03 Late 2022"]
[White "Melikhov, Evgeny V."]
[Black "Gomez Dieguez, David"]
[WhiteFideId "4122046"]
[BlackFideId "22223630"]
[WhiteElo "1931"]
[BlackElo "2115"]
[Result "1-0"]
[Round "10"]
[TimeControl "180+1"]
[Date "2022.05.03"]
[WhiteClock "0:01:19"]
[BlackClock "0:00:15"]

1. d4 Nf6 2. c4 e6 3. Nc3 Bb4 4. Qc2 O-O 5. e4 d5 6. e5 Ne4 7. Bd3 c5 8. Nf3 cxd4 9. Nxd4 Nd7 10. Bf4 Qh4 11. g3 Qh5 12. O-O Nxe5 13. Nxe4 Nxd3 14. Qxd3 dxe4 15. Qxe4 Qg6 16. Qxg6 hxg6 17. Nb5 Bd7 18. a3 Be7 19. Rfd1 Bc6 20. Bd6 Bxd6 21. Rxd6 a6 22. Nd4 Be8 23. c5 Rc8 24. b4 e5 25. Nf3 f6 26. Rad1 Bc6 27. Nd2 Ba4 28. Re1 Rfd8 29. Nc4 Bb5 30. Rxd8+ Rxd8 31. Nd6 Bc6 32. Rd1 Kf8 33. Rd2 Rd7 34. f4 exf4 35. gxf4 Re7 36. Kf2 f5 37. Re2 Rxe2+ 38. Kxe2 Ke7 39. Ke3 Ke6 40. Kd4 Bg2 41. h4 Bf3 42. Nc4 Kd7 43. Ne5+ 1-0


[Site "https://www.chess.com"]

[Event "Titled Tuesday Blitz May 03 Late 2022"]
[White "Melkumyan, Hrant"]
[Black "Jones, Gawain C B"]
[WhiteFideId "13302485"]
[BlackFideId "409561"]
[WhiteElo "2604"]
[BlackElo "2657"]
[Result "1-0"]
[Round "10"]
[TimeControl "180+1"]
[Date "2022.05.03"]
[WhiteClock "0:00:39"]
[BlackClock "0:00:02"]

1. c4 e5 2. g3 Nc6 3. Bg2 f5 4. Nc3 Nf6 5. e3 Bb4 6. Nge2 O-O 7. O-O Bxc3 8. Nxc3 d6 9. d4 Kh8 10. dxe5 dxe5 11. Qxd8 Nxd8 12. b3 c6 13. Ba3 Re8 14. Rfd1 Nf7 15. Na4 e4 16. Bb2 b6 17. c5 b5 18. Nc3 b4 19. Ne2 Be6 20. Bxf6 gxf6 21. Nd4 Ne5 22. Bh3 Bd7 23. Bxf5 Bxf5 24. Nxf5 Nf3+ 25. Kg2 Re5 26. Nd6 Kg7 27. Nxe4 Nh4+ 28. gxh4 Rxe4 29. Rd4 Rxd4 30. exd4 Rd8 31. Rd1 Rd5 32. Kf3 Kf7 33. h3 Rf5+ 34. Kg3 Rd5 35. Kf4 Rh5 36. Kg4 Rd5 37. Rd3 a5 38. Kf4 Rh5 39. Rf3 Rxh4+ 40. Ke3 Ke6 41. Kd3 f5 42. Re3+ Kf6 43. Rg3 f4 44. Rg4 Rxh3+ 45. Ke4 Rc3 46. Rxf4+ Ke6 47. Rh4 Rc2 48. Rh6+ Kd7 49. Rxh7+ Kd8 50. Ke5 Rxf2 51. Ra7 Rh2 52. Rxa5 Rh5+ 53. Ke4 Rh3 54. Ra7 Kc8 55. Rf7 Rh2 56. Kd3 Rxa2 57. Kc4 Rd2 58. Rf4 Kb7 59. Kxb4 Ka6 60. Kc3 Rh2 61. Rf8 Rh1 62. Rb8 Ka5 63. b4+ Ka6 64. Rb6+ Ka7 65. Rxc6 Rc1+ 66. Kd3 Rb1 67. Kc4 Rc1+ 68. Kb5 Rd1 69. Rd6 Rb1 70. d5 Kb8 71. Rh6 Kc7 72. d6+ Kd7 73. Rh7+ 1-0


[Site "https://www.chess.com"]

[Event "Titled Tuesday Blitz May 03 Late 2022"]
[White "Mirzoev, Azer"]
[Black "Toncheva, Nadya"]
[WhiteFideId "13400304"]
[BlackFideId "2924056"]
[WhiteElo "2525"]
[BlackElo "1884"]
[Result "0-1"]
[Round "10"]
[TimeControl "180+1"]
[Date "2022.05.03"]
[WhiteClock "0:00:01"]
[BlackClock "0:00:08"]

1. Nf3 Nf6 2. b3 g6 3. Bb2 Bg7 4. e3 d6 5. c4 e5 6. d4 O-O 7. dxe5 Ng4 8. h3 Nxe5 9. Nxe5 dxe5 10. Qxd8 Rxd8 11. Be2 c6 12. O-O Be6 13. Rc1 Na6 14. Na3 Rd7 15. Rd1 Rad8 16. Rxd7 Rxd7 17. Bc3 e4 18. Nb1 Bxc3 19. Nxc3 Rd2 20. Kf1 f5 21. Ke1 Rc2 22. Na4 Nb4 23. a3 Nd3+ 24. Kd1 Rxe2 25. Kxe2 b5 26. cxb5 cxb5 27. Nc3 a6 28. b4 Bc4 29. Kd2 Nxf2 30. a4 Nd3 31. axb5 axb5 32. Ra8+ Kg7 33. Ra7+ Kh6 34. Ne2 Nxb4 35. Nd4 Nd5 36. g3 Nb4 37. Rb7 Nd3 38. h4 Nf2 39. Ne2 Nh1 40. Rb8 Bxe2 41. Kxe2 Nxg3+ 42. Kf2 Nh5 43. Rxb5 Nf6 44. Rb7 Kh5 45. Kg3 h6 46. Rb5 Ng4 47. Kf4 Kxh4 48. Rb6 g5+ 49. Kxf5 Nxe3+ 50. Kxe4 Ng4 51. Ra6 h5 52. Kf3 Ne5+ 53. Kg2 g4 54. Ra5 Nf3 55. Ra4 Ng5 56. Ra5 Nh3 57. Ra4 Ng5 58. Ra5 Nf3 59. Ra4 Ne1+ 60. Kg1 Nd3 61. Ra5 Nb4 62. Ra4 Nd5 63. Ra5 Ne7 64. Kg2 Ng6 65. Kg1 Nf4 66. Ra4 Kg5 67. Ra5+ Kg6 68. Ra6+ Kf5 69. Ra5+ Ke4 70. Ra4+ Ke3 71. Ra3+ Nd3 72. Kg2 h4 73. Ra4 Nf4+ 74. Kg1 g3 75. Ra3+ Ke2 76. Ra2+ Kf3 77. Ra3+ Kg4 78. Ra4 h3 79. Rb4 Kf3 80. Rb3+ Kg4 81. Rb4 h2+ 82. Kh1 Kh3 0-1


[Site "https://www.chess.com"]

[Event "Titled Tuesday Blitz May 03 Late 2022"]
[White "Mohammadian, Mohammad"]
[Black "Burke, Paul"]
[WhiteFideId "12566055"]
[BlackFideId "2605767"]
[WhiteElo "1544"]
[BlackElo "1865"]
[Result "0-1"]
[Round "10"]
[TimeControl "180+1"]
[Date "2022.05.03"]
[WhiteClock "0:00:52"]
[BlackClock "0:00:38"]

1. e4 e5 2. Nf3 Nc6 3. Bb5 f5 4. exf5 e4 5. Bxc6 dxc6 6. Ng1 Nf6 7. Nc3 Bxf5 8. Qe2 Be7 9. d3 exd3 10. cxd3 Qxd3 11. Qxd3 Bxd3 12. Be3 O-O-O 13. Nf3 Rhe8 14. O-O-O Be4 15. Nxe4 Nxe4 16. Rxd8+ Rxd8 17. Rd1 Rxd1+ 18. Kxd1 Bf6 19. Kc2 b6 20. h3 Nd6 21. a3 c5 22. Bf4 Nc4 23. Bc1 Ne5 24. Nxe5 Bxe5 25. Be3 Bd4 26. g4 Bxe3 27. fxe3 Kd7 28. Kd3 Ke6 29. Ke4 c6 30. h4 b5 31. b3 a5 32. Kd3 Ke5 33. a4 c4+ 34. bxc4 bxa4 35. Kc3 Ke4 36. Kd2 a3 37. Kc2 Kxe3 38. h5 Kd4 39. g5 Kxc4 40. h6 gxh6 41. gxh6 Kb4 42. Kb1 c5 43. Ka2 c4 44. Kb1 c3 45. Ka2 c2 0-1


[Site "https://www.chess.com"]

[Event "Titled Tuesday Blitz May 03 Late 2022"]
[White "Nakamura, Hikaru"]
[Black "Zhigalko, Sergei"]
[WhiteFideId "2016192"]
[BlackFideId "13502956"]
[WhiteElo "2850"]
[BlackElo "2662"]
[Result "1-0"]
[Round "10"]
[TimeControl "180+1"]
[Date "2022.05.03"]
[WhiteClock "0:00:05"]
[BlackClock "0:00:01"]

1. Nf3 d5 2. e3 Nf6 3. b3 e6 4. Bb2 Bd6 5. c4 O-O 6. g3 b6 7. Bg2 Bb7 8. O-O Nbd7 9. cxd5 Nxd5 10. Qe2 a5 11. Rc1 Ba6 12. d3 Nc5 13. Ne1 Nb4 14. Rd1 Be7 15. Bxa8 Qxa8 16. Qg4 f6 17. Bc3 Nbxd3 18. Nxd3 Bxd3 19. Rxd3 Nxd3 20. Qxe6+ Rf7 21. Nd2 Nc5 22. Qc4 Qa6 23. Qg4 Qd3 24. Rc1 Bf8 25. Nc4 Ne4 26. Bb2 f5 27. Qd1 Rd7 28. Qxd3 Rxd3 29. Kf1 b5 30. Nxa5 Rd2 31. Be5 Rxf2+ 32. Kg1 Rxa2 33. Nc6 Bd6 34. Bxd6 cxd6 35. Nd4 g6 36. Nxb5 Nd2 37. Nd4 Rb2 38. Rc3 Kf7 39. Rc7+ Kf6 40. Rb7 h5 41. h4 Ne4 42. b4 Nxg3 43. b5 Ne2+ 44. Nxe2 Rxe2 45. b6 Rxe3 46. Rd7 Ke6 47. Rg7 Kf6 48. Rd7 Re5 49. Rxd6+ Ke7 50. Rxg6 Re4 51. Kf2 Rxh4 52. b7 Rb4 53. Rg8 Rb2+ 54. Kf3 Kf7 55. b8=Q 1-0


[Site "https://www.chess.com"]

[Event "Titled Tuesday Blitz May 03 Late 2022"]
[White "Papasimakopoulos, Alexandros"]
[Black "Dimakiling, Oliver"]
[WhiteFideId "4244125"]
[BlackFideId "5202248"]
[WhiteElo "2340"]
[BlackElo "2426"]
[Result "0-1"]
[Round "10"]
[TimeControl "180+1"]
[Date "2022.05.03"]
[WhiteClock "0:00:03"]
[BlackClock "0:01:00"]

1. d4 Nf6 2. c4 d6 3. Nf3 Bf5 4. Nc3 h6 5. Nh4 Bh7 6. g3 c6 7. Bg2 Nbd7 8. O-O e5 9. d5 Rc8 10. dxc6 bxc6 11. Nf3 Be7 12. Nd2 Nc5 13. b4 Ne6 14. a4 O-O 15. b5 cxb5 16. axb5 Qb6 17. Ra6 Qb8 18. Ba3 Nc5 19. Bxc5 Rxc5 20. Qa4 Rc7 21. Ra1 Nd7 22. Nd5 Nc5 23. Qa2 Nxa6 24. Qxa6 Rfc8 25. Nxc7 Rxc7 26. Bd5 Bg6 27. Nb3 Kh7 28. Na5 Bf6 29. Nc6 Qe8 30. e4 Bg5 31. Nxa7 f5 32. b6 Rc5 33. b7 fxe4 34. Qxd6 Rxd5 35. cxd5 e3 36. b8=Q exf2+ 37. Kxf2 Qf7+ 38. Ke1 Be3 39. Ra2 Bd3 40. Re2 Qf3 41. Qg6+ Kxg6 42. Qe8+ Kh7 43. Qxe5 Qxe2# 0-1


[Site "https://www.chess.com"]

[Event "Titled Tuesday Blitz May 03 Late 2022"]
[White "Paravyan, David"]
[Black "Jacobson, Brandon"]
[WhiteFideId "4194985"]
[BlackFideId "30901561"]
[WhiteElo "2569"]
[BlackElo "2362"]
[Result "1-0"]
[Round "10"]
[TimeControl "180+1"]
[Date "2022.05.03"]
[WhiteClock "0:00:08"]
[BlackClock "0:00:01"]

1. e4 c5 2. Nf3 d6 3. d4 cxd4 4. Nxd4 Nf6 5. Nc3 Nc6 6. Bg5 e6 7. Qd2 a6 8. Nxc6 bxc6 9. O-O-O Be7 10. Bxf6 gxf6 11. Bc4 Bb7 12. f4 d5 13. Bb3 Qc7 14. exd5 cxd5 15. f5 O-O-O 16. fxe6 fxe6 17. Qe3 Qe5 18. Qa7 Qb8 19. Qxb8+ Kxb8 20. Rhe1 d4 21. Ne2 e5 22. Nxd4 Bxg2 23. Nf5 Bc5 24. Bc4 Bh3 25. Ng7 Bg4 26. Rxd8+ Rxd8 27. c3 Rd7 28. Ne8 Be7 29. Rf1 f5 30. Be6 Bg5+ 31. Kc2 Rd2+ 32. Kb3 e4 33. Bxf5 Be2 34. Rg1 Be3 35. Rg8 Bd1+ 36. Ka3 Bc2 37. Bxe4 1-0


[Site "https://www.chess.com"]

[Event "Titled Tuesday Blitz May 03 Late 2022"]
[White "Petrova, Irina"]
[Black "Jegorovas, Aleksandras"]
[WhiteFideId "14124122"]
[BlackFideId "12801950"]
[WhiteElo "1993"]
[BlackElo "2247"]
[Result "0-1"]
[Round "10"]
[TimeControl "180+1"]
[Date "2022.05.03"]
[WhiteClock "0:01:29"]
[BlackClock "0:00:53"]

1. e4 e6 2. d4 d5 3. Nc3 Bb4 4. Ne2 Nc6 5. a3 Ba5 6. b4 Bb6 7. e5 Nge7 8. Na4 Nf5 9. Nxb6 axb6 10. Bb2 O-O 11. g3 f6 12. Bg2 fxe5 13. dxe5 Bd7 14. O-O Be8 15. Nf4 Bf7 16. h4 g5 17. Qg4 h6 18. hxg5 Qxg5 19. Qxg5+ hxg5 20. Nd3 Bh5 21. f3 Nxg3 22. Rf2 Bg6 23. Bh3 Bf5 24. Kg2 Bxh3+ 25. Kxg3 Bf5 26. Rh1 Kg7 27. Rfh2 Rh8 28. Nf4 gxf4+ 0-1


[Site "https://www.chess.com"]

[Event "Titled Tuesday Blitz May 03 Late 2022"]
[White "Pinheiro, Iung Alicio de O."]
[Black "Sliwicki, Damian"]
[WhiteFideId "2104350"]
[BlackFideId "1127128"]
[WhiteElo "2520"]
[BlackElo "2084"]
[Result "1-0"]
[Round "10"]
[TimeControl "180+1"]
[Date "2022.05.03"]
[WhiteClock "0:00:11"]
[BlackClock "0:00:10"]

1. c4 Nf6 2. g3 e6 3. Bg2 d5 4. Nf3 c5 5. cxd5 exd5 6. d4 Nc6 7. O-O Be6 8. Nc3 cxd4 9. Nxd4 Bc5 10. Nxc6 bxc6 11. e4 O-O 12. Bg5 h6 13. Bf4 dxe4 14. Nxe4 Nxe4 15. Bxe4 Qb6 16. Qc2 Bd5 17. b3 Rfe8 18. Bh7+ Kh8 19. Rad1 Bf3 20. Rd2 Bb4 21. Rd7 Re2 22. Qf5 Bc5 23. Be3 Rxe3 24. Qxf7 Bd4 25. Bb1 Re1 26. Qxf3 Bxf2+ 27. Kg2 Rxf1 28. Kxf1 Bg1 29. Qf5 Qf2+ 30. Qxf2 Bxf2 31. Kxf2 Rf8+ 32. Kg2 Re8 33. Bg6 Re2+ 34. Kf3 Re8 35. Bxe8 g5 36. Bg6 g4+ 37. Kxg4 h5+ 38. Kxh5 Kg8 39. Kh6 Kf8 40. Rf7+ Ke8 41. Kg7 Kd8 42. Kf6 Kc8 43. Ke6 Kb8 44. Kd6 a5 45. Kxc6 Ka8 46. Kb6 a4 47. Rf8# 1-0


[Site "https://www.chess.com"]

[Event "Titled Tuesday Blitz May 03 Late 2022"]
[White "Prieto Aranguren, Alain"]
[Black "Sernecki, Franciszek"]
[WhiteFideId "2268906"]
[BlackFideId "1169297"]
[WhiteElo "2235"]
[BlackElo "2165"]
[Result "1-0"]
[Round "10"]
[TimeControl "180+1"]
[Date "2022.05.03"]
[WhiteClock "0:00:17"]
[BlackClock "0:00:03"]

1. e4 c6 2. d4 d5 3. exd5 cxd5 4. Bd3 Nc6 5. Nf3 Bg4 6. c3 e6 7. O-O Bd6 8. Nbd2 Nf6 9. Re1 Qc7 10. Qa4 O-O 11. h3 Bh5 12. Re2 a6 13. Qd1 b5 14. g4 Bg6 15. Bxg6 hxg6 16. Kg2 e5 17. dxe5 Nxe5 18. Nxe5 Bxe5 19. Nf3 Bf4 20. Bxf4 Qxf4 21. Qd4 Qd6 22. Rae1 Rac8 23. Ne5 Rc7 24. f3 Nd7 25. Nxd7 Qxd7 26. Re5 Rd8 27. Rd1 Re8 28. Rde1 Rd8 29. h4 Rc4 30. Qd3 Qc6 31. h5 gxh5 32. Rxh5 g6 33. Qd2 gxh5 34. Qg5+ Qg6 35. Qxd8+ Kh7 36. Re8 hxg4 37. Qh4+ Qh6 38. Rh8+ Kxh8 39. Qxh6+ Kg8 40. Qg5+ Kf8 41. fxg4 b4 42. Qxd5 Rxg4+ 43. Kf3 1-0


[Site "https://www.chess.com"]